cohdb
Replays
Latest Replays
All Replays
Popular Replays
Top Player Replays
Match Explorer
How It Works
Community
CoH3 Stats
Reddit
Sign in to upload your games and track your stats! →
Sign in with Steam
Match 43955592
Unlisted
Match 43955592
Overview
Messages
Build Orders
End
Pioneer Squad
Construct Infanterie Kompanie
Selects Mechanized Battlegroup
MG 42 Machine Gun Team
Grenadier Squad
Grenadier Squad
Construct Luftwaffe Kompanie
221 Scout Car
Medical Bunker
Selects Raid Package
Jäger Squad
Jäger Squad
Selects StuG Assault Group
StuG Assault Group
Selects Spotting Scopes
Construct Panzer Kompanie
Sturmpanzer IV Brummbär
Selects Wespe Self-propelled Artillery
Wespe Self-propelled Artillery
bigcheese
=[TLKDC]=TheLizardKingDC
[DA] CaseAG
giants041
Juan
vonMises
lem22
LittleBirde
0
0
Comments
sign in to comment!
No comments posted yet!